Map: Automaton LE

Players

Kelazhur

  • Race: Terran Terran
  • League: Diamond
  • Spawn Location: 9:00

Vindicta - Winner!

  • Race: Terran Terran
  • League: Grandmaster
  • Spawn Location: 3:00

Event: 2019 WCS Winter Americas

VOD

Have the link to the VOD?

Description

Time

  • Played on: Feb. 2, 2019, 12:58 p.m.
  • Length: 18:03

All games in this series

Show
View Real Time Build Order
Export as new Build Order

Kelazhur Terran 

Build Orders:  

Get SALT Encoding   

  12  0:00  SCV  
  13  0:13  SCV  
  14  0:17  Supply Depot  
  14  0:25  SCV  
  15  0:28  Refinery  
  15  0:39  SCV  
  16  0:45  Barracks  
  16  0:51  SCV  
  16  0:55  Refinery  
  17  1:03  SCV  
  18  1:15  SCV  
  19  1:32  Reaper, Orbital Command  
  20  1:37  Factory  
  20  1:47  Supply Depot  
  20  1:57  SCV  
  21  2:04  Reaper  
  22  2:09  SCV  
  23  2:21  SCV, Hellion  
  26  2:31  Command Center  
  26  2:34  SCV  
  27  2:38  Reaper  
  27  2:42  Hellion  
  30  2:47  SCV  
  30  2:49  Supply Depot  
  31  2:56  Starport  
  31  3:11  SCV, Hellion, Reaper  
  35  3:23  SCV  
  32  3:35  Viking, SCV  
  32  3:36  Factory Tech Lab  
  35  3:41  Supply Depot  
  35  3:44  Orbital Command, Barracks Reactor  
  35  3:46  Refinery  
  35  3:47  SCV  
  32  4:03  SCV  
  32  4:09  Starport Tech Lab  
  32  4:10  Cyclone  
  32  4:11  SCV  
  32  4:15  SCV  
  37  4:23  SCV  
  38  4:27  SCV  
  39  4:36  Marine  
  39  4:37  Marine  
  39  4:41  SCV  
  39  4:52  SCV  
  40  4:53  SCV  
  40  4:55  Marine x2  
  40  4:59  Raven  
  45  5:04  SCV  
  45  5:05  SCV  
  47  5:11  Siege Tank  
  47  5:12  Marine  
  47  5:13  Marine  
  52  5:16  SCV  
  52  5:21  SCV, Supply Depot  
  54  5:29  SCV  
  54  5:30  Marine x2  
  54  5:33  SCV  
  58  5:41  SCV  
  59  5:44  Raven, Siege Tank  
  59  5:45  SCV  
  65  5:51  Supply Depot  
  65  5:53  SCV  
  65  5:55  Supply Depot  
  64  5:58  SCV  
  64  6:01  Marine x2  
  67  6:05  SCV  
  68  6:11  SCV  
  68  6:12  Command Center  
  68  6:17  Siege Tank  
  72  6:21  SCV  
  73  6:28  SCV  
  69  6:36  SCV  
  70  6:41  Viking  
  70  6:42  Viking  
  70  6:44  Refinery  
  70  6:46  Marine  
  75  6:47  Stimpack  
  75  6:49  Siege Tank  
  75  6:53  SCV  
  75  6:54  SCV  
  80  6:55  Barracks x2  
  80  6:57  Supply Depot  
  80  7:00  Supply Depot  
  80  7:04  Marine  
  80  7:05  SCV  
  82  7:14  SCV  
  83  7:21  Siege Tank  
  86  7:26  SCV, Viking x2  
  86  7:28  Marine  
  84  7:31  SCV  
  83  7:41  Orbital Command  
  76  7:44  SCV  
  76  7:49  Barracks Reactor  
  76  7:51  Barracks  
  76  7:53  SCV, Supply Depot  
  76  7:54  Engineering Bay x2, Marine  
  76  7:56  SCV, Barracks  
  79  8:00  Orbital Command  
  79  8:01  Siege Tank  
  79  8:04  Marine x2  
  84  8:07  SCV  
  84  8:09  Starport Reactor  
  84  8:11  SCV  
  84  8:12  Marine  
  87  8:19  SCV  
  88  8:20  Terran Infantry Weapons Level 1, Terran Infantry Armor Level 1  
  88  8:23  SCV  
  88  8:25  Supply Depot  
  89  8:28  SCV  
  89  8:33  SCV, Siege Tank  
  94  8:34  Marine x2  
  94  8:40  Marine  
  94  8:41  SCV x2  
  94  8:45  SCV, Marine x2  
  97  8:52  Medivac x2  
  97  8:54  Marine  
  95  9:04  Marine x3  
  95  9:07  SCV x3  
  102  9:11  Armory  
  102  9:13  Marine  
  102  9:15  Barracks Reactor x2  
  102  9:18  Siege Tank, Marine  
  102  9:19  SCV x2  
  108  9:28  Marine  
  108  9:30  Marine  
  110  9:37  SCV  
  108  9:39  Refinery, Medivac x2, Marine x3  
  115  9:46  Marine  
  115  9:47  Marine  
  117  9:53  Siege Tank  
  117  9:54  Sensor Tower  
  117  9:56  Marine x2  
  117  9:57  Marine x3  
  117  9:58  Marine  
  127  10:01  Marine  
  127  10:04  Marine  
  127  10:05  Marine  
  128  10:14  Terran Infantry Weapons Level 2, Marine  
  128  10:15  Marine x2  
  125  10:22  Marine  
  125  10:23  Marine  
  125  10:27  Medivac x2  
  129  10:32  Marine  
  129  10:33  Marine x2  
  125  10:40  Marine  
  125  10:41  Marine  
  119  10:50  Marine x2  
  119  10:51  Marine  
  107  10:57  Marine  
  107  10:59  Marine  
  109  11:08  Terran Infantry Armor Level 2, Marine x2  
  112  11:12  Command Center, Liberator  
  112  11:17  Liberator  
  111  11:22  Factory Tech Lab  
  110  11:25  Marine  
  110  11:26  Marine x3  
  117  11:33  Supply Depot  
  117  11:34  Supply Depot  
  119  11:40  Marine  
  119  11:43  Combat Shield  
  119  11:44  Marine  
  120  11:56  Marine  
  120  11:57  Marine x3  
  120  11:58  Command Center  
  124  12:02  Marine  
  121  12:09  Siege Tank  
  121  12:14  Marine  
  125  12:22  Marine x4  
  120  12:32  Marine  
  121  12:40  Marine x2  
  121  12:42  Marine, Barracks x2  
  121  12:43  Barracks  
  124  12:47  Marine, Terran Infantry Weapons Level 3  
  124  12:51  Supply Depot  
  125  12:52  Supply Depot  
  125  12:53  Siege Tank  
  128  12:59  Marine  
  129  13:05  Liberator x2  
  123  13:16  Marine  
  123  13:17  Marine x3  
  131  13:23  Orbital Command  
  133  13:27  Marine  
  135  13:34  Marine x2  
  135  13:40  Marine x2  
  131  13:43  Barracks Reactor x3  
  131  13:45  Siege Tank, Marine  
  131  13:46  Terran Infantry Armor Level 3  
  132  13:59  Marine x2  
  132  14:00  Marine x2  
  136  14:03  Marine  
  136  14:05  Command Center  
  137  14:16  Marine  
  137  14:17  Marine x2  
  137  14:21  Medivac x2, Marine  
  137  14:22  Marine  
  137  14:23  Marine x6  
  152  14:28  Siege Tank  
  155  14:34  Marine  
  155  14:35  Marine x2  
  158  14:40  Marine  
  158  14:43  Marine  
  158  14:44  Marine x3  
  163  14:47  Factory, Supply Depot  
  163  14:48  Terran Vehicle Weapons Level 1  
  163  14:51  Refinery  
  163  14:56  Marine x2  
  128  15:07  Medivac  
  158  15:11  Marine x6  
  158  15:12  Marine  
  155  15:14  Siege Tank  
  155  15:20  Medivac  
  160  15:25  Marine  
  160  15:27  Marine  
  154  15:30  Marine  
  155  15:37  Medivac  
  155  15:38  Marine  
  155  15:39  Marine  
  155  15:41  Marine  
  160  15:44  Marine x3  
  160  15:46  Factory Tech Lab  
  160  15:47  Siege Tank  
  166  15:50  SCV x3  
  166  15:58  Medivac  
  166  15:59  Marine  
  169  16:07  Medivac  
  169  16:08  Marine  
  172  16:14  Siege Tank  
  174  16:25  Marine  
  174  16:26  Marine  
  174  16:27  Siege Tank  
  174  16:31  Marine x2  
  174  16:32  Marine  
  180  16:33  Marine x2  
  180  16:38  Marine  
  181  16:46  Marine x3  
  181  16:49  Siege Tank  
  181  16:50  Marine x2  
  181  16:51  Marine x2  
  170  16:57  Marine  
  136  17:09  Marine x2  
  136  17:11  Starport  
  129  17:23  Marine  
Show
View Real Time Build Order
Export as new Build Order

Vindicta Terran - Winner!

Build Orders: 1/1/1, Liberator Opening 

Get SALT Encoding   

  12  0:00  SCV  
  13  0:13  SCV  
  14  0:18  Supply Depot  
  14  0:25  SCV  
  15  0:29  Refinery  
  15  0:39  SCV  
  16  0:46  Barracks  
  16  0:51  SCV  
  16  0:56  Refinery  
  17  1:04  SCV  
  18  1:16  SCV  
  19  1:33  Reaper, Orbital Command  
  19  1:37  Factory  
  20  1:47  Supply Depot  
  20  1:59  SCV  
  21  2:05  Reaper  
  22  2:11  SCV  
  23  2:21  Hellion  
  25  2:23  SCV, Starport  
  25  2:28  Supply Depot  
  26  2:35  SCV  
  27  2:37  Reaper  
  27  2:42  Hellion  
  30  2:53  SCV  
  31  2:59  Medivac  
  34  3:05  SCV  
  34  3:08  Factory Tech Lab  
  34  3:11  Barracks Reactor  
  34  3:14  Liberator  
  34  3:29  SCV  
  37  3:39  Command Center  
  37  3:43  Supply Depot  
  37  3:48  Marine x2  
  37  4:03  Cyclone  
  37  4:08  Marine x2  
  40  4:15  Command Center  
  40  4:16  SCV  
  41  4:28  Marine x2  
  41  4:29  SCV  
  44  4:34  Supply Depot  
  44  4:39  Siege Tank  
  47  4:46  SCV  
  47  4:52  Marine x2  
  45  4:54  Orbital Command  
  45  4:58  SCV  
  46  5:10  Marine x2  
  46  5:11  Cyclone  
  46  5:14  Starport Tech Lab  
  51  5:17  SCV  
  51  5:21  SCV  
  53  5:28  Orbital Command  
  53  5:29  SCV  
  53  5:32  Raven  
  53  5:33  SCV  
  53  5:34  Marine x2  
  58  5:41  SCV  
  58  5:45  Siege Tank  
  58  5:46  SCV  
  62  5:52  Refinery  
  62  5:53  Refinery  
  62  5:54  Marine x2  
  64  5:58  SCV x2  
  64  6:00  SCV  
  67  6:10  SCV x2  
  69  6:12  SCV  
  69  6:13  Supply Depot  
  70  6:19  Siege Tank  
  70  6:22  SCV  
  70  6:23  SCV  
  75  6:31  Viking x2  
  76  6:34  SCV  
  76  6:39  Orbital Command  
  77  6:45  SCV  
  77  6:46  SCV  
  79  6:53  Barracks  
  79  6:55  Siege Tank, Stimpack  
  79  6:56  Barracks  
  79  6:57  SCV  
  79  6:58  SCV  
  84  7:01  Viking  
  84  7:06  SCV  
  87  7:10  SCV  
  88  7:16  SCV  
  88  7:18  SCV  
  88  7:22  Marine  
  89  7:24  SCV  
  89  7:27  Siege Tank  
  89  7:28  SCV  
  87  7:31  SCV  
  87  7:36  SCV  
  89  7:37  Viking  
  89  7:40  Marine  
  89  7:41  Barracks Reactor  
  89  7:43  Barracks Reactor  
  89  7:44  SCV  
  89  7:49  SCV  
  89  7:51  Viking  
  93  7:53  Supply Depot  
  93  8:06  Engineering Bay  
  93  8:07  SCV x3  
  93  8:08  Engineering Bay  
  93  8:11  Siege Tank  
  100  8:16  Supply Depot  
  100  8:18  Marine x2  
  100  8:19  SCV x3  
  104  8:20  Medivac  
  104  8:23  Medivac  
  104  8:26  Marine  
  107  8:31  SCV x2  
  109  8:37  SCV  
  109  8:39  Marine  
  111  8:43  SCV x2, Siege Tank  
  111  8:44  Refinery  
  111  8:47  Terran Infantry Weapons Level 1  
  111  8:48  Refinery  
  113  8:50  SCV, Marine x3  
  113  8:51  Terran Infantry Armor Level 1  
  117  8:57  SCV  
  117  8:58  Marine  
  117  9:06  Supply Depot  
  117  9:07  Supply Depot, Medivac, Marine x2  
  117  9:08  SCV x2  
  117  9:09  SCV  
  124  9:10  Liberator  
  124  9:11  Marine  
  124  9:15  Barracks  
  124  9:16  Barracks  
  125  9:24  Liberator  
  125  9:26  Marine x2  
  125  9:27  SCV, Marine  
  125  9:28  Supply Depot  
  125  9:29  Combat Shield, Marine  
  132  9:32  Armory  
  132  9:33  SCV, Supply Depot  
  132  9:37  Siege Tank  
  135  9:42  SCV  
  135  9:44  Marine  
  141  9:49  Marine  
  141  9:50  SCV  
  143  9:53  Marine  
  143  9:58  Supply Depot  
  143  10:01  Factory  
  143  10:04  Marine  
  143  10:07  Barracks Reactor  
  143  10:09  Siege Tank  
  143  10:10  Barracks Reactor  
  143  10:13  Marine  
  145  10:15  Marine  
  145  10:17  Command Center  
  145  10:18  Marine  
  145  10:19  Marine  
  132  10:21  Marine  
  132  10:22  SCV  
  122  10:30  Marine  
  122  10:33  Marine  
  120  10:36  Marine x2  
  120  10:39  Marine  
  120  10:41  Siege Tank  
  120  10:42  SCV  
  116  10:46  Medivac  
  104  11:02  Terran Infantry Weapons Level 2  
  101  11:04  Terran Infantry Armor Level 2  
  101  11:09  Marine  
  99  11:12  Marine  
  99  11:13  Marine x2  
  99  11:14  Marine  
  99  11:15  SCV  
  105  11:21  SCV  
  108  11:27  Medivac, Terran Vehicle Weapons Level 1  
  108  11:29  Medivac  
  108  11:32  SCV x2  
  111  11:34  Marine  
  111  11:35  Marine  
  111  11:38  Marine x2  
  111  11:39  SCV  
  116  11:40  Factory Tech Lab  
  116  11:42  Marine  
  114  11:53  Planetary Fortress  
  108  11:54  Sensor Tower  
  108  11:55  SCV  
  108  11:56  Marine  
  108  12:01  SCV x2  
  110  12:04  Siege Tank  
  110  12:07  SCV  
  108  12:08  Marine  
  108  12:09  Marine  
  111  12:17  Marine  
  111  12:19  Missile Turret x2  
  111  12:20  SCV, Missile Turret, Marine  
  111  12:21  Marine  
  114  12:23  Marine  
  114  12:24  Marine  
  103  12:36  SCV  
  103  12:43  Sensor Tower, Siege Tank, Barracks  
  103  12:45  Barracks  
  103  12:47  Medivac  
  103  12:50  Medivac  
  107  12:51  Marine  
  107  12:58  Missile Turret  
  108  12:59  Marine  
  108  13:00  Marine  
  108  13:01  Sensor Tower, Marine  
  108  13:03  SCV  
  108  13:05  SCV  
  112  13:06  SCV  
  112  13:07  Marine  
  112  13:12  Marine  
  109  13:13  Siege Tank  
  109  13:14  Marine  
  109  13:15  Marine  
  109  13:17  SCV  
  109  13:19  SCV  
  111  13:25  Viking  
  111  13:27  Marine  
  113  13:28  Marine  
  113  13:29  Marine  
  113  13:33  SCV  
  119  13:45  Terran Infantry Weapons Level 3  
  119  13:46  Marine  
  114  13:48  Terran Infantry Armor Level 3  
  114  13:50  Marine x2  
  114  13:52  Marine x2  
  114  13:53  Marine  
  120  13:58  Viking  
  120  14:01  Viking  
  124  14:02  SCV  
  124  14:03  SCV  
  124  14:06  Marine, Refinery  
  126  14:10  Siege Tank  
  126  14:14  Siege Tank, Marine x2  
  134  14:18  Barracks Reactor x2  
  134  14:19  Refinery  
  134  14:20  Terran Vehicle Weapons Level 2  
  135  14:25  Refinery  
  135  14:27  Marine  
  135  14:28  Sensor Tower, Marine  
  135  14:29  Marine  
  138  14:34  Marine  
  138  14:35  Marine x2  
  140  14:39  Marine x3  
  140  14:42  Siege Tank  
  140  14:45  Marine  
  147  14:46  Marine  
  147  14:47  Marine  
  147  14:52  Marine  
  149  14:54  Siege Tank, Marine  
  149  14:55  Marine  
  149  14:56  Marine x2  
  149  14:57  Liberator  
  149  14:58  Marine x2  
  159  15:00  Liberator, Marine  
  159  15:02  SCV  
  146  15:09  Marine x2  
  146  15:11  SCV  
  123  15:14  Siege Tank  
  123  15:19  SCV  
  129  15:22  SCV  
  129  15:25  SCV  
  129  15:28  Marine x2  
  131  15:30  Marine  
  131  15:33  SCV  
  131  15:34  SCV x2  
  133  15:42  Marine  
  134  15:47  SCV  
  136  15:50  Missile Turret  
  136  15:53  Sensor Tower, Siege Tank  
  136  15:54  Widow Mine  
  136  15:56  Marine x2  
  142  15:58  Marine  
  142  16:00  Marine  
  142  16:02  Liberator x2  
  142  16:03  SCV  
  142  16:04  SCV x2  
  148  16:05  SCV  
  148  16:15  Siege Tank  
  148  16:16  SCV  
  152  16:20  Marine x2  
  152  16:24  Marine  
  161  16:29  Marine  
  161  16:31  Marine  
  161  16:32  Marine x2  
  164  16:35  Marine  
  164  16:43  Marine  
  164  16:45  Marine x2  
  164  16:47  Marine  
  164  16:48  Marine x3  
  164  17:00  Marine  
  164  17:01  Marine x4  
  164  17:03  Siege Tank, Marine x2  
  164  17:05  Marine x2  
  163  17:18  Marine, Supply Depot  
  163  17:19  Supply Depot  
  163  17:21  Marine  
  163  17:25  Marine  
  163  17:26  Marine  
  164  17:36  Marine x2  
  156  17:39  Marine x3  
  156  17:40  Marine  
  156  17:42  Marine  
  156  17:43  Marine  
  152  17:44  Marine  
  152  17:45  SCV  
Tags
 
Add a new tag
Caveats
  • Supply blocks, unpowered buildings, or Contaminate may cause inaccurate times.
  • Supply counts are checked every 10 seconds.